 Dungeon Crawl Stone Soup version 0.31.0-1-g2c135a0 (webtiles) character file.

Game seed: 11898006446681000369

168 Think the Ducker (level 5, -1/36 HPs)
             Began as an Octopode Shapeshifter on Apr 14, 2024.
             Slain by an orc
             ... wielding a +0 dagger
              (5 damage)
             ... on level 4 of the Dungeon.
             The game lasted 00:04:09 (2324 turns).

Think the Ducker (Octopode Shapeshifter)            Turns: 2324, Time: 00:04:10

Health: -1/36      AC:  1    Str: 14    XL:     5   Next: 48%
Magic:  5/5        EV: 14    Int: 12    God:
Gold:   194        SH:  0    Dex: 13    Spells: 4/4 levels left

rFire   . .          .
                       - Unarmed
rCold   . . .        (no shield)
rNeg    . . .        (helmet currently unavailable)
rPois   .            (no amulet)
rElec   .            (no ring)
rCorr   .            (no ring)
SInv    .            (no ring)
Will    .....        (no ring)
Stlth   ++           (no ring)
HPRegen 0.26/turn    (no ring)
MPRegen 0.09/turn    (no ring)
                     (no ring)

%: no passive effects
@: confused, beast-form, ambrosia-drunk
A: beast (slay +1), almost no armour, amphibious, 8 rings, camouflage 1,
gelatinous body 1, (nimble swimmer 1), tentacles
a: Begin Untransformation


You were on level 4 of the Dungeon.
You were a hulking beast.
You visited 1 branch of the dungeon, and saw 4 of its levels.

You collected 194 gold pieces.

Inventory:

Jewellery
 h - a ring of fire
Talismans
 b - a beast talisman
 c - a flux talisman
Wands
 n - a wand of digging (7)
Scrolls
 f - 4 scrolls of identify {unknown}
 j - a scroll of blinking {unknown}
 l - a scroll of teleportation {unknown}
 o - a scroll of torment {unknown}
Potions
 a - a potion of lignification
 d - a potion of might {unknown}
 e - a potion of invisibility {unknown}
 i - a potion of cancellation {unknown}
 k - a potion of enlightenment {unknown}
 m - a potion of attraction {unknown}


   Skills:
 + Level 3.0 Fighting
 * Level 4.6 Dodging
 - Level 3.0 Unarmed Combat
 - Level 3.0 Shapeshifting


You had 4 spell levels left.
You didn't know any spells.
Your spell library contained the following spells:

 Spells                   Type           Power      Damage    Failure   Level
 Call Canine Familiar     Summ           0%         N/A       69%         3
 Sigil of Binding         Hex            0%         N/A       69%         3
 Dimensional Bullseye     Hex/Tloc       0%         N/A       97%         4


Dungeon Overview and Level Annotations

Branches:
Dungeon (4/15)
 Temple: D:4-7

Altars:


Innate Abilities, Weirdness & Mutations

You are a hulking beast.
Your limbs bulge with bestial killing power. (Slay +1)
You cannot wear most types of armour.
You are amphibious.
You can wear up to eight rings at the same time.
Your skin changes colour to match your surroundings (Stealth+).
Your rubbery body absorbs attacks. (AC +1, EV +1)
((You are camouflaged when in or above water. (Stealth+)))
You have tentacles for arms and can constrict up to eight enemies at once.


Message History

You constrict the orc priest. The orc hits you with a +0 short sword.
The orc hits you with a +0 club. The orc priest hits you with a +0 mace!
* * * LOW HITPOINT WARNING * * *
The orc closely misses you.
You tentacle-slap the orc priest.
The orc priest is severely wounded.
You constrict the orc priest. The orc hits you with a +0 short sword.
* * * LOW HITPOINT WARNING * * *
The orc hits you with a +0 club.
* * * LOW HITPOINT WARNING * * *
The orc priest invokes the aid of Beogh against you.
Pain shoots through your body!
* * * LOW HITPOINT WARNING * * *
The orc misses you.
You are confused.
You feel invigorated.
You constrict the orc priest.
You kill the orc priest!
The orc hits you with a +0 short sword.
* * * LOW HITPOINT WARNING * * *
The orc hits you but does no damage. x2
Your Fighting skill increases to level 3!
You barely miss the orc. The orc completely misses you.
The orc barely misses you. The orc hits you with a +0 dagger.
* * * LOW HITPOINT WARNING * * *
You're too confused to move!
The orc hits you with a +0 short sword.
* * * LOW HITPOINT WARNING * * *
The orc closely misses you. x2
You tentacle-slap the orc.
The orc is severely wounded.
The orc hits you with a +0 short sword.
* * * LOW HITPOINT WARNING * * *
The orc misses you. The orc completely misses you.
You tentacle-slap the orc.
You kill the orc!
The orc hits you with a +0 short sword.
* * * LOW HITPOINT WARNING * * *
The orc barely misses you.
You barely miss the orc. The orc barely misses you.
The orc hits you with a +0 dagger.
You die...

+....... ##############
#....... ###.............
........ ................
........
......!..................
.........................
.........................
.......))....... ........
......)oh....... ........
######o#############....
#.....(............#....
#..................#....
#.......####'####..#....
#.......#.......####....
##..##..#...............
#+# #..#...............
#..#...............


You could see 2 orcs.

Vanquished Creatures
  An orc priest (D:4)
  7 adders
  A ribbon worm (D:2)
  2 dart slugs
  2 orcs (D:4)
  2 ball pythons (D:3)
  3 bats
  8 endoplasms
  5 giant cockroaches
  5 goblins
  8 hobgoblins
  6 quokkas
  2 frilled lizards
  6 kobolds
  7 rats
65 creatures vanquished.

Notes
Turn   | Place    | Note
-------+----------+-------------------------------------------
     0 | D:1      | Think the Octopode Shapeshifter began the quest for the
                  | Orb.
     0 | D:1      | Reached XP level 1. HP: 13/13 MP: 1/1
   167 | D:1      | Reached XP level 2. HP: 18/18 MP: 2/2
   388 | D:1      | Reached skill level 3 in Dodging
   388 | D:1      | Reached XP level 3. HP: 24/24 MP: 3/3
  1028 | D:2      | Reached XP level 4. HP: 27/29 MP: 4/4
  1353 | D:2      | Reached skill level 4 in Dodging
  1508 | D:2      | Found a faded altar of an unknown god.
  1870 | D:3      | Reached XP level 5. HP: 35/35 MP: 5/5
  2319 | D:4      | HP: 1/36 [orc/+0 short sword (5)]
  2324 | D:4      | Slain by an orc

Illustrated notes

Levels and vault maps discovered:
D:1:      elethiomel_arrival_infinity_welcomes_careful_drivers, layout_basic
D:2:      layout_loops_ring, hellmonk_ecumenical_altar_inner_sanctum
D:3:      layout_loops_ring
D:4:      layout_gridville

Skill      XL: |  1  2  3  4  5 |
---------------+----------------+-----
Dodging        | 3 4 |  4.6
Fighting       | 2 3 |  3.0
Unarmed Combat | |  3.0
Shapeshifting  | |  3.0

Action                     |  1- 3 |  4- 6 || total
---------------------------+-------+-------++-------
  Melee: Unarmed           |    69 |    72 ||   141
         Constrict         |    21 |    15 ||    36
         Tentacles         |    11 |    11 ||    22
         Punch             |     1 |     3 ||     4
    Use: Potion            |       |     3 ||     3
   Stab: Sleeping          |     6 |     9 ||    15
         Distracted        |     1 |       ||     1
 Armour: Skin              |    15 |    33 ||    48
  Dodge: Dodged            |    43 |    44 ||    87
